 Dungeon Crawl Stone Soup version 0.29-a0-995-g8a7feb118f (webtiles) character file.

Game seed: 15308350750299360969

16 M4edhros the Ducker (level 2, -2/18 HPs)
             Began as an Octopode Artificer on Aug 4, 2022.
             Killed from afar by a dart slug (4 damage)
             ... with a slug dart
             ... on level 4 of the Dungeon.
             The game lasted 00:00:44 (133 turns).

M4edhros the Ducker (Octopode Artificer)             Turns: 133, Time: 00:00:45

Health: -2/18      AC:  1    Str: 11    XL:     2   Next: 58%
Magic:  2/2        EV: 14    Int: 13    God:
Gold:   16         SH:  0    Dex: 12    Spells: 1/1 levels left

rFire   . . .      SeeInvis .   a - +0 club
rCold   . . .      Faith    .   (no shield)
rNeg    . . .      Spirit   .   (helmet restricted)
rPois   .          Reflect  .   (no amulet)
rElec   .          Harm     .   (no ring)
rCorr   .          Rampage  .   (no ring)
Will    .....                   (no ring)
Stlth   +++.......              (no ring)
HPRegen 0.06/turn               (no ring)
MPRegen 0.08/turn               (no ring)
                                (no ring)
                                (no ring)

@: no status effects
A: almost no armour, amphibious, 8 rings, camouflage 1, gelatinous body 1,
(nimble swimmer 1), tentacles
a: no special abilities


You were on level 4 of the Dungeon.
You visited 1 branch of the dungeon, and saw 4 of its levels.

You collected 16 gold pieces.

Inventory:

Hand Weapons
 a - a +0 club (weapon)
Missiles
 e - a throwing net
Wands
 b - a wand of flame (15) (quivered)
 c - a wand of charming (15)
 d - a wand of iceblast (9)
Scrolls
 f - a scroll of fog {unknown}
Potions
 g - a potion of haste {unknown}


   Skills:
 - Level 1.0 Fighting
 + Level 3.4 Dodging
 - Level 1.3 Stealth
 - Level 3.2 Evocations


You had one spell level left.
You didn't know any spells.
Your spell library contained the following spells:

 Spells                   Type           Power      Damage    Failure   Level
 Summon Ice Beast         Ice/Summ       0%         N/A       97%         4
 Summon Mana Viper        Hex/Summ       0%         N/A       100%        5
 Monstrous Menagerie      Summ           0%         N/A       100%        7


Dungeon Overview and Level Annotations

Branches:
Dungeon (4/15)             Temple (0/1) D:4

Altars:


Innate Abilities, Weirdness & Mutations

You cannot wear most types of armour.
You are amphibious.
You can wear up to eight rings at the same time.
Your skin changes colour to match your surroundings (Stealth+).
Your rubbery body absorbs attacks. (AC +1, EV +1)
((You are camouflaged when in or above water. (Stealth+)))
You have tentacles for arms and can constrict up to eight enemies at once.


Message History

The ball python misses you. The ball python constricts you.
* * * LOW HITPOINT WARNING * * *
You hit the ball python.
You kill the ball python!
Unknown command.
Found a stone staircase leading down.
You see here a ball python corpse.
Things that are here:
a +0 short sword; 4 stones; a kobold corpse You see here a ball python corpse.
A rat comes into view.
You see here 7 gold pieces.
You now have 16 gold pieces (gained 7).
g - a murky orange potion The rat closely misses you.
You hit the rat. You grab the rat.
The rat is heavily wounded.
You constrict the rat.
You kill the rat!
There is a stone staircase leading down here.
You climb downwards.
There is a stone staircase leading up here.
A dart slug comes into view.
Found a glowing short sword.
Found a staircase to the Ecumenical Temple.
You hit the endoplasm but do no damage. You squeeze the endoplasm.
The endoplasm is severely wounded.
The endoplasm closely misses you. The dart slug launches a dart at you.
The slug dart hits you.
* * * LOW HITPOINT WARNING * * *
Unknown command.
You barely miss the endoplasm.
The endoplasm is severely wounded.
The endoplasm hits you.
* * * LOW HITPOINT WARNING * * *
An orc comes into view. It is wielding a +0 flail.
The dart slug launches a dart at you. The slug dart hits you.
You die...

........... #
#...>...#..#
#............#
##.#.......#..##
#...............
#..#.#.#.#.#..#
#....J........#
#.....@.....#
...........#)w.
.........<.#
.##..............
##..........o..
###....####...
....... ..
##....... #
....#.##


You could see a dart slug, an orc (wandering) and an endoplasm.

Vanquished Creatures
  An adder (D:3)
  An endoplasm (D:1)
  A hobgoblin (D:3)
  A kobold (D:3)
  A ball python (D:3)
  3 bats
  A rat (D:3)
9 creatures vanquished.

Notes
Turn   | Place    | Note
-------+----------+-------------------------------------------
     0 | D:1      | M4edhros the Octopode Artificer began the quest for the
                  | Orb.
     0 | D:1      | Reached XP level 1. HP: 13/13 MP: 1/1
    77 | D:3      | Reached XP level 2. HP: 10/18 MP: 2/2
   131 | D:4      | Found a staircase to the Ecumenical Temple.
   133 | D:4      | Killed from afar by a dart slug

Illustrated notes

Levels and vault maps discovered:
D:1:      dpeg_arrival_boxes_within_box, layout_basic, serial_shops,
          nicolae_shop_trees, ebering_ecumenical_altar_abandoned,
          minmay_hexomino_u4
D:2:      layout_loops_ring, serial_shops,
          nicolae_shop_competitors_out_of_business, st_stairs_14,
          chequers_serial_rivers_large_a, due_unseen_surprise, uniq_jessica
D:3:      cheibrodos_greedy_goblins, layout_basic, minmay_liquid_box
D:4:      layout_rooms, minmay_temple_entry_glass, serial_shops, shop,
          gammafunk_ghost_smash

Skill      XL: |  1 |
---------------+----+-----
Dodging        | 3 |  3.4
Fighting       | |  1.0
Stealth        | |  1.3
Evocations     | |  3.2

Action                   || total
-------------------------++-------
Melee: Club              ||    21
       Constrict         ||     8
       Tentacles         ||     5
 Stab: Sleeping          ||     1
Armor: Skin              ||     2
Dodge: Dodged            ||    22

Table legend: (Time is in decaauts)
 A = Elapsed time spent in this place.
 B = Non-inter-level travel time spent in this place.
 C = Inter-level travel time spent in this place.
 D = Time resting spent in this place.
 E = Time spent auto-exploring this place.
 F = Levels seen in this place.
 G = Mean time per level.
                   A        B        C        D        E       F      G
               +--------+--------+--------+--------+--------+-----+--------+
         Total |    138 |    138 |      0 |      0 |     23 |   4 |   34.5 |
       Dungeon |    138 |    138 |      0 |      0 |     23 |   4 |   34.5 |
               +--------+--------+--------+--------+--------+-----+--------+

Top non-repeatable levels by time:
     D:3: 73 daAuts
     D:1: 37 daAuts
     D:2: 23 daAuts
     D:4: 4 daAuts
